AoeStats
← kabotajoe

Four Lakes

509877887Analyzed
1v1 RM · 4d ago on Sep 28, 2026· 25m 34s· 2 players
Game mode
Random Map
Map size
Tiny (2 player)
Population
200
Speed
Normal
Resources
Standard
Victory
Conquest
Starting age
Dark Age
Ending age
Imperial Age
RankedLock teamsTeams togetherTeam positionsShared explorationLock speedFull tech treeHidden civsTurbo modeCheats
Victory
Defeat
🇩🇪 Franks · Germany
1016
+15
🇩🇪 Aztecs · Germany
999
-15
kabotajoe
8:15 Loom
11:30 Feudal Age
13:45 Fishing Lines
13:34 Man-at-Arms
16:37 Wheelbarrow
20:10 Castle Age
18:46 Double-Bit Axe
19:43 Fletching
20:49 Bodkin Arrow
20:17 Crossbowman
23:30 Pikeman
24:10 Squires
jvlartin
12:50 Feudal Age
11:12 Loom
13:24 Double-Bit Axe
13:51 Fishing Lines
17:03 Scale Barding Armor
16:53 Gold Mining
19:22 Castle Age
19:17 Forging
21:51 Bow Saw
22:25 Gold Shaft Mining
21:55 Husbandry
24:59 Stone Mining
Connection lost

Rejoining the realm…

Still unreachable

The connection could not be restored.

Session expired

The server has moved on; the page needs a fresh start.